 Dungeon Crawl Stone Soup version 0.13-a0-2537-g1f6edf4 (webtiles) character file.

10405 Kae the Bludgeoner (level 11, -6/127 HPs)
             Began as a Minotaur Berserker on July 27, 2013.
             Was a High Priest of Trog.
             Mangled by a troll (8 damage)
             ... on Level 11 of the Dungeon.
             The game lasted 00:18:28 (10583 turns).

Kae the Bludgeoner (Minotaur Berserker)            Turns: 10583, Time: 00:18:29

HP  -6/127       AC 15     Str 32      XL: 11   Next: 29%
MP   3/3         EV 10     Int  9      God: Trog [*****.]
Gold 469         SH  0     Dex 10      Spells:  0 memorised, 10 levels left

Res.Fire  : . . .   See Invis. : .   i - +2,+0 dire flail (holy)
Res.Cold  : . . .   Warding    : .   b - +4 ring mail of Striotupu {Str+4 Dam+4}
Life Prot.: . . .   Conserve   : .   (no shield)
Res.Poison: .       Res.Corr.  : .   f - +1 wizard hat {Int+3}
Res.Elec. : .       Clarity    : +   (no cloak)
Sust.Abil.: . .     Spirit.Shd : .   (no gloves)
Res.Mut.  : .       Stasis     : .   k - +1 pair of boots {run}
Res.Rott. : .       Flight     : .   v - amulet of clarity
Saprovore : . . .                    y - ring of sustenance
                                     m - ring of sustenance

@: regenerating, berserking, slowed, quick, very resistant to hostile
enchantments, extremely unstealthy
A: retaliatory headbutt, horns 2
a: Burn Spellbooks, Berserk, Trog's Hand, Brothers in Arms, Renounce Religion


You were on level 11 of the Dungeon.
You worshipped Trog.
Trog was exalted by your worship.
You were very hungry.

You visited 1 branch of the dungeon, and saw 11 of its levels.

You collected 760 gold pieces.
You spent 311 gold pieces at shops.

Inventory:

Hand weapons
 a - a +0,+0 mace
 i - a +2,+0 dire flail of holy wrath (weapon)
 C - a +2,-3 whip of flaming
 M - a +1,+3 anti-magic dire flail
Armour
 b - the +4 ring mail of Striotupu (worn) {Str+4 Dam+4}
   (You found it on level 9 of the Dungeon)

   It affects your strength (+4).
   It affects your damage-dealing abilities (+4).
 f - a +1 wizard hat of intelligence (worn)
 k - a +1 pair of boots of running (worn)
 n - a +2 orcish scale mail of cold resistance
 G - the +3 scale mail of Honour {+Fly MR++}
   (You found it on level 6 of the Dungeon)

   It affects your resistance to hostile enchantments.
   It lets you fly.
Magical devices
 B - a wand of confusion (6) {unknown}
 O - a wand of frost (10)
 R - a wand of slowing (18) {unknown}
Comestibles
 c - 4 bread rations
 d - 3 meat rations
 g - 2 chokos
 r - 3 rotting chunks of hill giant flesh
 I - 2 pears
 L - 6 royal jellies
 S - an apple
Scrolls
 h - a scroll of fog
 l - 4 scrolls of teleportation
 o - 3 scrolls of amnesia {unknown}
 p - a scroll of immolation
 q - a scroll of enchant weapon III {unknown}
 t - 3 scrolls of remove curse
 x - a scroll of fear
 z - a scroll of identify
 J - a scroll of enchant armour
Jewellery
 j - an uncursed ring of regeneration
 m - a ring of sustenance (left hand)
 v - an amulet of clarity (around neck)
 y - a ring of sustenance (right hand)
 A - a cursed amulet of guardian spirit
 D - a +1 ring of strength
 H - a +2 ring of evasion
 K - an uncursed ring of ice
Potions
 e - a potion of invisibility
 s - a potion of heal wounds
 u - 2 potions of resistance
 E - 4 potions of curing
 P - 2 potions of might


   Skills:
 + Level 4.0 Fighting
 + Level 16.5 Maces & Flails
 + Level 12.2 Armour
 - Level 2.1 Dodging


You had 10 spell levels left.
You didn't know any spells.

Dungeon Overview and Level Annotations

Branches:
Dungeon (11/27)            Temple (0/1) D:6             Orc (0/4) D:11
   Lair (0/8) D:10

Altars:
Ashenzari
Makhleb
Xom

Shops:
D:10: [ D:11: *


Innate Abilities, Weirdness & Mutations

You reflexively headbutt those who attack you in melee.
You have a pair of horns on your head.


Message History

The troll barely misses you. The troll claws you but does no damage.
The jelly hits you.
* * * LOW HITPOINT WARNING * * *
You are splashed with acid!
The acid corrodes your +2 wizard hat of intelligence!
The acid burns!
* * * LOW HITPOINT WARNING * * *
Use which ability? (? or * to list)
A red film seems to cover your vision as you go berserk!
You feel yourself moving faster!
You feel mighty!
You are feeling very hungry.
The troll bites you!
* * * LOW HITPOINT WARNING * * *
The troll claws you!
* * * LOW HITPOINT WARNING * * *
The troll claws you.
* * * LOW HITPOINT WARNING * * *
The jelly barely misses you. You furiously retaliate!
You headbutt the jelly! The troll bites you!
You die...

.... #....###∩ ........#
##........
..........###.........
.......................
........................
....>...................
.........#..............
.......))................
<......T@.#..............
.......J.................
...................>....
....[.............>.>...
........................
.....###...............
..$# ##.............. ..
#.............. ..#
##..............


You could see a troll and a jelly.

Vanquished Creatures
  Gastronok (D:9)
  An unseen horror (D:10)
  Pikel (D:5)
  A hill giant (D:11)
  6 yaks (D:11)
  Eustachio (D:5)
  2 hungry ghosts
  A hippogriff (D:8)
  2 manticores
  Menkaure (D:5)
  A mottled dragon (D:11)
  4 orc warriors
  4 ogres
  4 sky beasts
  A black bear (D:9)
  A yellow wasp (D:11)
  3 ice beasts
  A phantom (D:8)
  3 centaurs
  Sigmund (D:7)
  A water moccasin (D:5)
  7 giant frogs
  A gnoll sergeant (D:6)
  A troll zombie (D:8)
  6 killer bees (D:11)
  A troll skeleton (D:9)
  A yak zombie (D:9)
  9 wights
  6 crimson imps
  A hippogriff skeleton (D:3)
  A yak skeleton (D:11)
  A quasit (D:5)
  3 goliath beetles
  A gnoll shaman (D:7)
  A giant frog zombie (D:7)
  An orc priest (D:9)
  9 hounds
  4 scorpions
  3 giant frog skeletons
  8 worker ants
  6 orc wizards
  A crocodile zombie (D:10)
  2 ogre zombies
  A sky beast zombie (D:5)
  Ijyb (D:2)
  4 jellies (D:8)
  An ogre skeleton (D:10)
  A mummy (D:11)
  A hound skeleton (D:6)
  11 adders
  20 gnolls
  A lemure (D:5)
  A white imp (D:5)
  2 giant mites
  5 worms
  An iguana zombie (D:6)
  A scorpion zombie (D:7)
  2 giant eyeballs
  6 giant geckos
  5 oozes (D:8)
  27 orcs
  A ball python (D:2)
  18 hobgoblins
  13 jackals
  12 kobolds
  2 quokkas
  11 bats
  5 giant cockroaches
  12 giant newts
  2 giant spores
  17 goblins
  A kobold zombie (D:7)
  13 rats
  2 rat skeletons
  4 ballistomycetes
319 creatures vanquished.

Notes
Turn   | Place    | Note
--------------------------------------------------------------
     0 | D:1      | Kae, the Minotaur Berserker, began the quest for the Orb.
     0 | D:1      | Reached XP level 1. HP: 19/19 MP: 0/0
    53 | D:1      | Reached skill level 4 in Maces & Flails
   104 | D:1      | Reached XP level 2. HP: 19/26 MP: 0/0
   518 | D:1      | Acquired Trog's second power
   790 | D:1      | Reached XP level 3. HP: 33/33 MP: 1/1
  1272 | D:2      | Reached skill level 5 in Maces & Flails
  1296 | D:2      | Noticed Ijyb
  1319 | D:2      | Killed Ijyb
  1319 | D:2      | Reached XP level 4. HP: 9/39 MP: 1/1
  2072 | D:3      | Reached skill level 6 in Maces & Flails
  2072 | D:3      | Reached XP level 5. HP: 23/46 MP: 1/1
  2643 | D:4      | Acquired Trog's third power
  2648 | D:4      | Reached XP level 6. HP: 46/52 MP: 2/2
  2710 | D:4      | Reached skill level 7 in Maces & Flails
  2783 | D:4      | Reached skill level 5 in Armour
  2872 | D:4      | Noticed an ogre
  2884 | D:4      | Killed an ogre
  3055 | D:4      | Reached skill level 8 in Maces & Flails
  3215 | D:5      | Entered Level 5 of the Dungeon
  3226 | D:5      | Reached XP level 7. HP: 59/59 MP: 2/2
  3244 | D:5      | Noticed Menkaure
  3249 | D:5      | Killed Menkaure
  3341 | D:5      | Reached skill level 9 in Maces & Flails
  3461 | D:5      | Found a shimmering altar of Xom.
  3638 | D:5      | Noticed Pikel
  3652 | D:5      | Killed Pikel
  3652 | D:5      | Reached skill level 10 in Maces & Flails
  3652 | D:5      | Reached XP level 8. HP: 41/66 MP: 2/2
  3726 | D:5      | Noticed Eustachio
  3735 | D:5      | Killed Eustachio
  3789 | D:5      | Reached skill level 11 in Maces & Flails
  4253 | D:6      | Got a faintly humming scale mail
  4267 | D:6      | Identified the +3 scale mail of Honour {+Fly MR++} (You found it on level 6 of the Dungeon)
  4573 | D:6      | Found a staircase to the Ecumenical Temple.
  4614 | D:6      | Reached XP level 9. HP: 68/72 MP: 3/3
  5011 | D:7      | Reached skill level 12 in Maces & Flails
  5200 | D:7      | Found a burning altar of Makhleb.
  5632 | D:7      | Received a gift from Trog
  5722 | D:7      | Noticed Sigmund
  5733 | D:7      | Killed Sigmund
  6106 | D:8      | Reached skill level 13 in Maces & Flails
  6389 | D:8      | Paralysed by a giant eyeball for 3 turns
  6404 | D:8      | Paralysed by a giant eyeball for 3 turns
  6848 | D:8      | Reached skill level 10 in Armour
  6985 | D:8      | Reached XP level 10. HP: 60/79 MP: 3/3
  7003 | D:8      | Reached skill level 14 in Maces & Flails
  7584 | D:9      | Found a shattered altar of Ashenzari.
  8322 | D:9      | Got a transparent ring mail
  8335 | D:9      | Identified the +4 ring mail of Striotupu {Str+4 Dam+4} (You found it on level 9 of the Dungeon)
  8427 | D:9      | Noticed Gastronok
  8451 | D:9      | Killed Gastronok
  8451 | D:9      | Reached skill level 15 in Maces & Flails
  8935 | D:10     | Entered Level 10 of the Dungeon
  8993 | D:10     | Killed an unseen horror
  9162 | D:10     | Found a staircase to the Lair.
  9418 | D:10     | Found Qifiqutu's Antique Armour Shoppe.
  9442 | D:10     | Bought a pair of runed boots for 45 gold pieces
  9445 | D:10     | Identified a +1 pair of boots of running (You bought it in a shop on level 10 of the Dungeon)
  9754 | D:11     | Paralysed by a giant eyeball for 4 turns
  9940 | D:11     | Reached XP level 11. HP: 74/84 MP: 3/3
  9942 | D:11     | Reached skill level 16 in Maces & Flails
 10198 | D:11     | Noticed a hill giant
 10208 | D:11     | Killed a hill giant
 10469 | D:11     | Found Ikatwa's Assorted Antiques.
 10531 | D:11     | Identified a scroll of acquirement
 10536 | D:11     | Bought a scroll labeled GRERIK ATSOVVE for 38 gold pieces
 10536 | D:11     | Bought a scroll of teleportation for 114 gold pieces
 10536 | D:11     | Bought a scroll of remove curse for 114 gold pieces
 10562 | D:11     | Found a staircase to the Orcish Mines.
 10583 | D:11     | HP: 2/127 [troll (6)]
 10583 | D:11     | Mangled by a troll

Action                   |  1- 3 |  4- 6 |  7- 9 | 10-12 || total
-------------------------+-------+-------+-------+-------++-------
Melee: Mace              |    96 |   167 |    71 |       ||   334
       Whip              |       |       |   556 |   403 ||   959
       Dire flail        |       |       |       |    24 ||    24
Invok: Berserk           |     1 |       |     4 |     6 ||    11
       Trog's Hand       |       |     1 |     8 |     6 ||    15
Evoke: Wand              |       |       |       |     3 ||     3
  Use: Potion            |       |       |     1 |     2 ||     3
       Scroll            |       |       |       |    26 ||    26
 Stab: Invisible         |       |       |     4 |       ||     4
